 Dungeon Crawl Stone Soup version 0.29-a0-82-g837932c90e (webtiles) character file.

Game seed: 14835093819459984468

114 lordive the Grasshopper (level 4, -2/38 HPs)
             Began as a Hill Orc Warper on Feb 4, 2022.
             Slain by an ice beast (3 damage)
             ... on level 3 of the Dungeon.
             The game lasted 00:02:50 (2065 turns).

lordive the Grasshopper (Hill Orc Warper)           Turns: 2065, Time: 00:02:51

Health: -2/38      AC:  4    Str: 13    XL:     4   Next: 98%
Magic:  6/6        EV: 11    Int: 15    God:
Gold:   77         SH:  0    Dex: 10    Spells: 1/6 levels left

rFire   . . .      SeeInvis .   e - +4 spear
rCold   . . .      Faith    .   (no shield)
rNeg    . . .      Spirit   .   b - +0 leather armour
rPois   .          Reflect  .   h - +0 helmet
rElec   .          Harm     .   (no cloak)
rCorr   .          Rampage  .   (no gloves)
Will    .....                   (no boots)
Stlth   +.........              (no amulet)
HPRegen 0.12/turn               (no ring)
MPRegen 0.10/turn               (no ring)

@: no status effects
A: no striking features
a: no special abilities


You were on level 3 of the Dungeon.
You visited 1 branch of the dungeon, and saw 3 of its levels.

You collected 77 gold pieces.

Inventory:

Hand Weapons
 a - a +0 falchion
 e - a +4 spear (weapon)
Missiles
 d - 5 boomerangs of dispersal (quivered)
Armour
 b - a +0 leather armour (worn)
 h - a +0 helmet (worn)
Scrolls
 c - a scroll of blinking
 f - a scroll of teleportation {unknown}
 g - 4 scrolls of brand weapon {unknown}
 k - a scroll of identify {unknown}
Potions
 i - a potion of invisibility {unknown}
 j - a potion of might {unknown}
 l - a potion of flight {unknown}
 m - a potion of heal wounds {unknown}


   Skills:
 + Level 3.0 Fighting
 + Level 2.4 Long Blades
 + Level 2.4 Polearms
 + Level 0.8 Throwing
 + Level 2.0 Armour
 + Level 1.9 Dodging
 + Level 1.7 Spellcasting
 * Level 3.0 Translocations


You had one spell level left.
You knew the following spells:

 Your Spells              Type           Power      Damage    Failure   Level
a - Blink                 Tloc           20%        N/A       12%         2
b - Teleport Other        Tloc           10%        N/A       24%         3

Your spell library contained the following spells:

 Spells                   Type           Power      Damage    Failure   Level
 Gell's Gravitas          Tloc           10%        N/A       24%         3
 Lesser Beckoning         Tloc           10%        N/A       24%         3
 Manifold Assault         Tloc           10%        N/A       92%         5


Dungeon Overview and Level Annotations

Branches:
Dungeon (3/15)

Altars:

Shops:
D:2 [(:*


Message History

The ice beast hits you but does no damage.
You hit the ice beast.
The ice beast is lightly wounded.
The ice beast hits you but does no damage.
You hit the ice beast but do no damage.
The ice beast is lightly wounded.
The ice beast hits you. The ice beast freezes you!
You hit the ice beast.
The ice beast is moderately wounded.
The ice beast hits you but does no damage.
You hit the ice beast.
The ice beast is heavily wounded.
The ice beast hits you. The ice beast freezes you.
You are too injured to fight recklessly!
You are too injured to fight recklessly!
You are too injured to fight recklessly!
You are too injured to fight recklessly!
You are too injured to fight recklessly!
You are too injured to fight recklessly!
You are too injured to fight recklessly!
You are too injured to fight recklessly!
You are too injured to fight recklessly!
You are too injured to fight recklessly!
You are too injured to fight recklessly!
You are too injured to fight recklessly!
You are too injured to fight recklessly!
You are too injured to fight recklessly!
You are too injured to fight recklessly!
You are too injured to fight recklessly!
You are too injured to fight recklessly!
Unknown command.
You barely miss the ice beast.
The ice beast is heavily wounded.
The ice beast hits you. The ice beast freezes you!
* * * LOW HITPOINT WARNING * * *
The endoplasm jiggles.
You hit the ice beast.
The ice beast is severely wounded.
The ice beast hits you.
You die...

#.#.............
####.##...#######.#
#....###.## #..
#.#### #.# #[# #.#
#.# #.# #.# #.# #.#
#.# ###.# ...
#.##...... ..
#.@YJ.....
####.####. #


You could see an ice beast and an endoplasm.

Vanquished Creatures
  An orc wizard (D:3)
  Robin (D:2)
  A gnoll (D:2)
  2 adders
  3 orcs (D:3)
  2 ball pythons
  2 endoplasms
  3 giant cockroaches
  11 goblins
  5 hobgoblins
  2 jackals (D:2)
  A quokka (D:1)
  8 bats
  3 frilled lizards
  A rat (D:1)
46 creatures vanquished.

Notes
Turn   | Place    | Note
-------+----------+-------------------------------------------
     0 | D:1      | lordive the Hill Orc Warper began the quest for the Orb.
     0 | D:1      | Reached XP level 1. HP: 18/18 MP: 3/3
   309 | D:1      | Reached XP level 2. HP: 24/25 MP: 4/4
   697 | D:2      | Found Xetanaen's Antique Armour Shop.
   747 | D:2      | Noticed Robin
   759 | D:2      | Killed Robin
   760 | D:2      | Reached skill level 1 in Polearms
   760 | D:2      | Reached XP level 3. HP: 14/30 MP: 5/5
   789 | D:2      | Learned a level 2 spell: Blink
   793 | D:2      | Learned a level 3 spell: Teleport Other
  1070 | D:2      | Found Ryul's Weapon Shoppe.
  1077 | D:2      | Found Cama's Book Boutique.
  1096 | D:2      | Found a faded altar of an unknown god.
  1176 | D:2      | Found Piotten's General Store.
  1218 | D:2      | Reached XP level 4. HP: 8/37 MP: 6/6
  2057 | D:3      | Noticed an ice beast
  2064 | D:3      | HP: 1/38 [ice beast (14)]
  2065 | D:3      | Slain by an ice beast

Illustrated notes

Levels and vault maps discovered:
D:1:      matt_arrival_diagonals, layout_basic, minmay_misc_feat_rugged
D:2:      layout_basic, nicolae_ecumenical_oubliette, serial_shops,
          shop_fountains, shop, nicolae_shop_hallway_plus,
          nicolae_shop_bloodbath_and_beyond, cheibrodos_gnoll_hut, uniq_robin
D:3:      layout_loops_ring, fountainhead, uniq_terence

Skill      XL: |  1  2  3  4 |
---------------+-------------+-----
Polearms       | 1 2 |  2.4
Translocations | 3 |  3.0
Armour         | 2 |  2.0
Fighting       | 3 |  3.0
Long Blades    | |  2.4
Throwing       | |  0.8
Dodging        | |  1.9
Spellcasting   | |  1.7

Action                   |  1- 3 |  4- 6 || total
-------------------------+-------+-------++-------
Melee: Spear             |    93 |    51 ||   144
       Punch             |     1 |       ||     1
 Stab: Sleeping          |     1 |       ||     1
Armor: Leather armour    |    18 |    10 ||    28
Dodge: Dodged            |    41 |    20 ||    61

Table legend: (Time is in decaauts)
 A = Elapsed time spent in this place.
 B = Non-inter-level travel time spent in this place.
 C = Inter-level travel time spent in this place.
 D = Time resting spent in this place.
 E = Time spent auto-exploring this place.
 F = Levels seen in this place.
 G = Mean time per level.
                   A        B        C        D        E       F      G
               +--------+--------+--------+--------+--------+-----+--------+
         Total |   2071 |   2023 |     48 |    244 |   1495 |   3 |  690.3 |
       Dungeon |   2071 |   2023 |     48 |    244 |   1495 |   3 |  690.3 |
               +--------+--------+--------+--------+--------+-----+--------+

Top non-repeatable levels by time:
     D:2: 992 daAuts
     D:1: 700 daAuts
     D:3: 378 daAuts
